Sasquatch vs Diables
Created - 30 avril 2016 at 20:52
Goals
|
| Sasquatch |
0 |
2 |
0 |
2 |
| Diables |
0 |
3 |
3 |
6 |
|
Shots
|
| Sasquatch |
9 |
16 |
12 |
37 |
| Diables |
5 |
13 |
14 |
32 |
|
1st period
No Goal
Penalties :
Lukas Krajicek (Alm) for Interference (Minor) at 0:22, Andrej Sustr (Gat) for Interference (Minor) at 2:44, Jonathan Blum (Gat) for Hooking (Minor) at 13:26, Lukas Krajicek (Alm) for Roughing (Minor) at 15:48
2nd period
1. Diables , Craig Smith 23 (Dustin Kohn, Kellan Lain) at 0:49
2. Sasquatch , Linus Omark 44 (Kevin Porter) at 12:11
3. Diables , Craig Smith 24 (Jared Cowen) at 13:27 (PP)
4. Diables , Jamie Arniel 15 (Steve Quailer, Kellan Lain) at 15:37
5. Sasquatch , Derek Stepan 30 (D.J King) at 19:19
Penalties :
Linden Vey (Gat) for Hooking (Minor) at 13:01
3rd period
6. Diables , Damien Brunner 62 (Tyler Bozak) at 3:03 (PP)
7. Diables , Tomas Kubalik 21 (Dustin Kohn) at 10:42
8. Diables , Steve Quailer 27 (Brian Dumoulin) at 18:22
Penalties :
Yann Sauvé (Gat) for Roughing (Minor) at 1:35, Jared Cowen (Alm) for Tripping (Minor) at 8:16, Nick Leddy (Gat) for Hooking (Minor) at 11:35, Kellan Lain (Alm) for Hooking (Minor) at 13:57, Vitali Yachmenev (Gat) for Hooking (Minor) at 19:32
Goalie Stats
Jake Allen (Gat), 26 saves from 32 shots - (0,813), L, 9-6-2, 60:00 minutes
Frederik Andersen (Alm), 35 saves from 37 shots - (0,946), W, 35-24-2, 60:00 minutes
Players Stats for Sasquatch
Player Name G A P +/- PIM S H SB GA TA FO MP PP MP PK MP
------------------------------------------------------------------------------------
Andrej Sustr 0 0 0 -2 2 0 1 3 0 0 0/0 15:14 2:03 0:38
Arturs Kulda 0 0 0 0 0 0 0 2 0 1 0/0 3:48 0:06 1:24
Cam Atkinson 0 0 0 1 0 1 3 0 0 0 1/2 19:07 4:38 0:00
D.J King 0 1 1 1 0 2 0 0 0 1 4/11 24:13 4:48 4:35
Derek Stepan 1 0 1 1 0 4 2 2 1 2 15/30 19:07 4:38 0:00
Drew Shore 0 0 0 -1 0 2 1 1 0 0 1/6 8:24 0:00 1:25
Filip Novak 0 0 0 1 0 1 0 4 0 2 0/0 29:54 4:03 5:28
Jason Akeson 0 0 0 -1 0 3 1 0 1 0 0/0 15:40 3:08 0:00
Jonathan Blum 0 0 0 -2 2 3 0 1 0 0 0/0 22:57 4:59 2:37
Josh Bailey 0 0 0 -1 0 5 1 1 0 0 0/0 11:45 0:00 1:22
Kevin Porter 0 1 1 -1 0 2 0 0 0 0 4/11 18:10 3:08 2:18
Linden Vey 0 0 0 -1 2 1 0 0 0 0 0/0 6:38 0:10 0:00
Linus Omark 1 0 1 -1 0 1 2 0 1 0 0/0 18:10 3:08 2:18
Nick Leddy 0 0 0 0 2 3 4 1 0 0 0/0 29:42 4:41 4:04
Stephane Da Costa 0 0 0 -1 0 3 1 0 0 0 3/3 10:03 0:00 0:00
Teemu Hartikainen 0 0 0 -1 0 3 2 0 1 0 0/0 6:25 0:00 0:00
Vitali Yachmenev 0 0 0 -1 2 2 0 0 0 1 0/3 14:55 0:10 4:38
Yann Sauvé 0 0 0 -1 2 1 1 1 0 0 0/0 17:24 0:00 2:25
Players Stats for Diables
Player Name G A P +/- PIM S H SB GA TA FO MP PP MP PK MP
------------------------------------------------------------------------------------
Benn Ferriero 0 0 0 0 0 0 1 0 0 0 0/0 10:32 3:37 0:00
Brandon Prust 0 0 0 -1 0 5 1 1 0 0 0/1 20:06 3:37 0:43
Brian Dumoulin 0 1 1 2 0 0 0 0 0 0 0/0 5:30 0:00 0:57
Craig Smith 2 0 2 1 0 2 0 1 0 0 2/2 14:01 3:37 0:20
Damien Brunner 1 0 1 -1 0 6 1 0 1 0 3/3 24:15 4:41 4:00
Dustin Kohn 0 2 2 -1 0 4 1 2 0 0 0/0 20:36 4:11 3:28
Jamie Arniel 1 0 1 2 0 6 1 1 2 1 5/12 15:12 0:00 4:00
Jared Cowen 0 1 1 0 2 0 2 2 0 2 0/0 25:41 4:11 3:05
Josh Meyers 0 0 0 2 0 0 0 0 0 0 0/0 3:37 0:00 0:00
Kellan Lain 0 2 2 2 2 2 6 1 0 0 1/1 17:58 4:41 2:31
Lukas Krajicek 0 0 0 0 4 1 1 3 0 0 0/0 24:59 4:07 1:40
Matt Jones 0 0 0 1 0 0 0 4 0 1 0/0 11:42 0:00 4:16
Pavel Valentenko 0 0 0 2 0 0 0 2 0 0 0/0 11:04 0:00 2:26
Pierre-Cédric Labrie 0 0 0 1 0 1 0 0 0 0 0/0 10:11 0:00 0:00
Riley Sheahan 0 0 0 0 0 0 0 0 0 0 1/3 6:57 0:00 0:00
Steve Quailer 1 1 2 2 0 2 3 0 1 0 2/2 11:07 0:00 0:00
Taylor Beck 0 0 0 0 0 0 0 0 0 0 0/0 6:57 0:00 0:00
Tomas Kubalik 1 0 1 1 0 1 0 0 1 0 0/0 11:57 0:00 1:47
Tyler Bozak 0 1 1 -1 0 1 2 2 2 0 24/42 22:41 4:41 2:31
Tyler Cuma 0 0 0 -2 0 1 0 1 0 0 0/0 16:57 4:07 0:00
3 Stars
1 - Steve Quailer (Alm)
2 - Craig Smith (Alm)
3 - Kellan Lain (Alm)
Power Play
Sasquatch - 0 on 4 Attempt(s) - 0,00%
Diables - 2 on 6 Attempt(s) - 33,33%
Penalty Kill
Sasquatch - 4 on 6 Attempt(s) - 66,67%
- Score 0 goal in Penalty Kill
Diables - 4 on 4 Attempt(s) - 100,00%
- Score 0 goal in Penalty Kill
Team Stat
Sasquatch - Hits : 19 - Faceoff Wins : 28 - Blocked Shots : 16 - Penalty Minutes : 12
Diables - Hits : 19 - Faceoff Wins : 38 - Blocked Shots : 20 - Penalty Minutes : 8
Official
Referees : Leggo Mike and Rooney Chris
Linesman : Jonny Murray and Pierre Racicot
Game Notes
Arturs Kulda is injured at 11:27 of 1st period (Left Forearm)
Finance
Level 1 -- Attendance: 1464 (73,20%) -- Ticket Income 51 240 $
Level 2 -- Attendance: 786 (78,60%) -- Ticket Income 11 790 $
Total Attendance: 2250 (75,00%)
Total Ticket Income: 63 030 $
Other Income: 3 152 $
Total Income: 66 182 $
Sasquatch
5 vs 5 Forward
Center Left Wing Right Wing Time % Phy DF OF
1 Derek Stepan D.J King Cam Atkinson 40 1 2 2
2 Kevin Porter Linus Omark Jason Akeson 30 1 2 2
3 Stephane Da Costa Josh Bailey Vitali Yachmenev 20 1 2 2
4 Drew Shore Teemu Hartikainen Linden Vey 10 1 2 2
5 vs 5 Defense
Defense Defense Time % Phy DF OF
1 Filip Novak Nick Leddy 40 1 2 2
2 Jonathan Blum Yann Sauvé 30 1 2 2
3 Andrej Sustr Arturs Kulda 20 1 2 2
4 Filip Novak Arturs Kulda 10 1 2 2
PowerPlay Forward
Center Left Wing Right Wing Time % Phy DF OF
1 Derek Stepan D.J King Cam Atkinson 60 1 2 2
2 Kevin Porter Linus Omark Jason Akeson 40 1 2 2
PowerPlay Defense
Defense Defense Time % Phy DF OF
1 Nick Leddy Jonathan Blum 60 1 2 2
2 Filip Novak Arturs Kulda 40 1 2 2
Penalty Kill 4 Players Forward
Center Wing Time % Phy DF OF
1 D.J King Vitali Yachmenev 60 1 2 2
2 Kevin Porter Linus Omark 40 1 2 2
Penalty Kill 4 Players Defense
Defense Defense Time % Phy DF OF
1 Filip Novak Arturs Kulda 60 1 2 2
2 Jonathan Blum Yann Sauvé 40 1 2 2
Penalty Kill - 3 Players Forward
Forward Time % Phy DF OF
1 Vitali Yachmenev 60 1 2 2
2 Derek Stepan 40 1 2 2
Penalty Kill - 3 Players Defense
Defense Defense Time % Phy DF OF
1 Filip Novak Arturs Kulda 60 1 2 2
2 Jonathan Blum Yann Sauvé 40 1 2 2
4 vs 4 Forward
Center Wing Time % Phy DF OF
1 Derek Stepan D.J King 60 1 2 2
2 Kevin Porter Linus Omark 40 1 2 2
4 vs 4 Defense
Defense Defense Time % Phy DF OF
1 Filip Novak Nick Leddy 60 1 2 2
2 Arturs Kulda Yann Sauvé 40 1 2 2
Last Minutes Offensive
Center Left Wing Right Wing Defense Defense
Derek Stepan D.J King Vitali Yachmenev Nick Leddy Jonathan Blum
Last Minutes Defensive
Center Left Wing Right Wing Defense Defense
Kevin Porter Linus Omark Vitali Yachmenev Yann Sauvé Arturs Kulda
Goaltenders
Starting : Jake Allen
Backup : Braden Holtby
Extra Forwards
Normal : Josh Bailey, D.J King, Cam Atkinson - PP : Jason Akeson, Linden Vey - PK : D.J King
Extra Defensemen
Normal : Andrej Sustr, Nick Leddy, Filip Novak - PP : Andrej Sustr - PK : Nick Leddy, Filip Novak
Penalty Shots
Cam Atkinson, Linus Omark, Kevin Porter, Vitali Yachmenev, Jason Akeson
Diables
5 vs 5 Forward
Center Left Wing Right Wing Time % Phy DF OF
1 Tyler Bozak Brandon Prust Damien Brunner 40 1 2 2
2 Jamie Arniel Kellan Lain Steve Quailer 30 1 2 2
3 Craig Smith Pierre-Cédric Labrie Tomas Kubalik 20 1 2 2
4 Riley Sheahan Taylor Beck Benn Ferriero 10 1 2 2
5 vs 5 Defense
Defense Defense Time % Phy DF OF
1 Lukas Krajicek Jared Cowen 40 1 2 2
2 Dustin Kohn Tyler Cuma 30 1 2 2
3 Matt Jones Pavel Valentenko 20 1 2 2
4 Brian Dumoulin Josh Meyers 10 1 2 2
PowerPlay Forward
Center Left Wing Right Wing Time % Phy DF OF
1 Tyler Bozak Kellan Lain Damien Brunner 60 1 2 2
2 Craig Smith Brandon Prust Benn Ferriero 40 1 2 2
PowerPlay Defense
Defense Defense Time % Phy DF OF
1 Dustin Kohn Jared Cowen 60 1 2 2
2 Lukas Krajicek Tyler Cuma 40 1 2 2
Penalty Kill 4 Players Forward
Center Wing Time % Phy DF OF
1 Jamie Arniel Damien Brunner 60 1 2 2
2 Tyler Bozak Kellan Lain 40 1 2 2
Penalty Kill 4 Players Defense
Defense Defense Time % Phy DF OF
1 Jared Cowen Matt Jones 60 1 2 2
2 Dustin Kohn Lukas Krajicek 40 1 2 2
Penalty Kill - 3 Players Forward
Forward Time % Phy DF OF
1 Jamie Arniel 60 1 2 2
2 Damien Brunner 40 1 2 2
Penalty Kill - 3 Players Defense
Defense Defense Time % Phy DF OF
1 Lukas Krajicek Jared Cowen 60 1 2 2
2 Dustin Kohn Tyler Cuma 40 1 2 2
4 vs 4 Forward
Center Wing Time % Phy DF OF
1 Jamie Arniel Damien Brunner 60 1 2 2
2 Tyler Bozak Kellan Lain 40 1 2 2
4 vs 4 Defense
Defense Defense Time % Phy DF OF
1 Lukas Krajicek Matt Jones 60 1 2 2
2 Dustin Kohn Tyler Cuma 40 1 2 2
Last Minutes Offensive
Center Left Wing Right Wing Defense Defense
Tyler Bozak Brandon Prust Damien Brunner Lukas Krajicek Jared Cowen
Last Minutes Defensive
Center Left Wing Right Wing Defense Defense
Tyler Bozak Kellan Lain Damien Brunner Lukas Krajicek Jared Cowen
Goaltenders
Starting : Frederik Andersen
Backup : Marek Mazanek
Extra Forwards
Normal : Craig Smith, Pierre-Cédric Labrie, Tomas Kubalik - PP : Craig Smith, Pierre-Cédric Labrie - PK : Tomas Kubalik
Extra Defensemen
Normal : Josh Meyers, Pavel Valentenko, Brian Dumoulin - PP : Josh Meyers - PK : Pavel Valentenko, Brian Dumoulin
Penalty Shots
Craig Smith, Damien Brunner, Kellan Lain, Tyler Bozak, Jamie Arniel
% Time on Ice - Sasquatch
Lines # - Real PCT - Wanted PCT - Time Play
Normal Forward
1 - 33% - 40% - 14:34
2 - 29% - 30% - 12:44
3 - 23% - 20% - 10:03
4 - 15% - 10% - 6:25
Normal Defense
1 - 36% - 40% - 15:40
2 - 33% - 30% - 14:31
3 - 26% - 20% - 11:34
4 - 5% - 10% - 2:01
PP Forward
1 - 61% - 60% - 4:48
2 - 39% - 40% - 3:08
PP Defense
1 - 46% - 60% - 3:41
2 - 54% - 40% - 4:15
PK Forward
1 - 72% - 60% - 6:00
2 - 28% - 40% - 2:18
PK Defense
1 - 70% - 60% - 5:48
2 - 30% - 40% - 2:30
PK3 Forward
1 - 0% - 60%
2 - 0% - 40%
PK3 Defense
1 - 0% - 60%
2 - 0% - 40%
44 Forward
1 - 0% - 60%
2 - 0% - 40%
44 Defense
1 - 0% - 60%
2 - 0% - 40%
Last Minute Offensive - 0:00
Last Minute Defensive - 0:00
Total
Forward - 60:00
Defense - 60:00
|
% Time on Ice - Diables
Lines # - Real PCT - Wanted PCT - Time Play
Normal Forward
1 - 36% - 40% - 15:38
2 - 26% - 30% - 11:24
3 - 22% - 20% - 9:47
4 - 16% - 10% - 6:57
Normal Defense
1 - 44% - 40% - 19:24
2 - 30% - 30% - 13:19
3 - 17% - 20% - 7:26
4 - 8% - 10% - 3:37
PP Forward
1 - 56% - 60% - 4:41
2 - 44% - 40% - 3:37
PP Defense
1 - 50% - 60% - 4:11
2 - 50% - 40% - 4:07
PK Forward
1 - 68% - 60% - 5:25
2 - 32% - 40% - 2:31
PK Defense
1 - 58% - 60% - 4:35
2 - 42% - 40% - 3:21
PK3 Forward
1 - 0% - 60%
2 - 0% - 40%
PK3 Defense
1 - 0% - 60%
2 - 0% - 40%
44 Forward
1 - 0% - 60%
2 - 0% - 40%
44 Defense
1 - 0% - 60%
2 - 0% - 40%
Last Minute Offensive - 0:00
Last Minute Defensive - 0:00
Total
Forward - 60:00
Defense - 60:00
|
Play by Play
1st period
0:01 of 1st period - Tyler Bozak wins face-off versus Derek Stepan in neutral zone.
0:22 of 1st period - Minor Penalty to Lukas Krajicek for Interference.
0:23 of 1st period - Derek Stepan wins face-off versus Jamie Arniel in Diables zone.
1:14 of 1st period - Wrist shot by D.J King.
1:14 of 1st period - Shot Blocked by Matt Jones.
1:16 of 1st period - Wrist shot by Cam Atkinson.
1:16 of 1st period - Shot Blocked by Matt Jones.
1:18 of 1st period - Wrist shot by Derek Stepan.
1:18 of 1st period - Shot Blocked by Kellan Lain.
1:20 of 1st period - Slapshot by Derek Stepan.
1:20 of 1st period - Stopped by Frederik Andersen with a rebound.
1:40 of 1st period - Wrist shot by Derek Stepan.
1:40 of 1st period - Shot Blocked by Jamie Arniel.
1:50 of 1st period - Slapshot by Dustin Kohn.
1:50 of 1st period - Stopped by Jake Allen with a rebound.
2:22 of 1st period - Penalty to Lukas Krajicek is over, Lukas Krajicek is back on ice.
2:34 of 1st period - Snap shot by Benn Ferriero.
2:34 of 1st period - Shot Misses the Net.
2:36 of 1st period - Wrist shot by Benn Ferriero.
2:36 of 1st period - Shot Blocked by Andrej Sustr.
2:44 of 1st period - Minor Penalty to Andrej Sustr for Interference.
2:45 of 1st period - Drew Shore wins face-off versus Tyler Bozak in Sasquatch zone.
4:14 of 1st period - Kevin Porter is hit by Kellan Lain.
4:44 of 1st period - Penalty to Andrej Sustr is over, Andrej Sustr is back on ice.
5:25 of 1st period - Wrist shot by Lukas Krajicek.
5:25 of 1st period - Stopped by Jake Allen with a rebound.
6:18 of 1st period - Pavel Valentenko is hit by Josh Bailey and loses puck.
6:23 of 1st period - Wrist shot by Stephane Da Costa.
6:23 of 1st period - Stopped by Frederik Andersen with a rebound.
6:41 of 1st period - Snap shot by Vitali Yachmenev.
6:41 of 1st period - Shot Blocked by Matt Jones.
6:46 of 1st period - Off-side.
6:47 of 1st period - Damien Brunner wins face-off versus Derek Stepan in neutral zone.
6:56 of 1st period - Tyler Bozak is hit by Cam Atkinson and loses puck.
7:03 of 1st period - D.J King is hit by Jared Cowen and loses puck.
7:40 of 1st period - Craig Smith is hit by Teemu Hartikainen and loses puck.
8:58 of 1st period - Slapshot by Benn Ferriero.
8:58 of 1st period - Shot Misses the Net.
9:42 of 1st period - Snap shot by Brandon Prust.
9:42 of 1st period - Shot Misses the Net.
9:44 of 1st period - Snap shot by Damien Brunner.
9:44 of 1st period - Shot Misses the Net.
10:11 of 1st period - Slapshot by Jonathan Blum.
10:11 of 1st period - Stopped by Frederik Andersen without a rebound.
10:12 of 1st period - Craig Smith wins face-off versus Kevin Porter in Diables zone.
10:26 of 1st period - Linus Omark is hit by Jared Cowen and loses puck.
10:41 of 1st period - Snap shot by Tomas Kubalik.
10:41 of 1st period - Shot Misses the Net.
11:13 of 1st period - Snap shot by Linus Omark.
11:13 of 1st period - Shot Blocked by Matt Jones.
11:19 of 1st period - Wrist shot by Craig Smith.
11:19 of 1st period - Shot Misses the Net.
11:21 of 1st period - Slapshot by Craig Smith.
11:21 of 1st period - Shot Misses the Net.
11:23 of 1st period - Snap shot by Craig Smith.
11:23 of 1st period - Shot Misses the Net.
11:25 of 1st period - Slapshot by Pierre-Cédric Labrie.
11:25 of 1st period - Shot Blocked by Arturs Kulda.
11:27 of 1st period - Slapshot by Matt Jones.
11:27 of 1st period - Shot Blocked by Arturs Kulda.
11:27 of 1st period - Arturs Kulda from Sasquatch is injured at 11:27 of 1st period (Left Forearm).
11:28 of 1st period - Cam Atkinson wins face-off versus Tyler Bozak in Sasquatch zone.
11:56 of 1st period - Snap shot by Kellan Lain.
11:56 of 1st period - Shot Misses the Net.
11:58 of 1st period - Snap shot by Steve Quailer.
11:58 of 1st period - Shot Misses the Net.
12:00 of 1st period - Wrist shot by Jamie Arniel.
12:00 of 1st period - Stopped by Jake Allen with a rebound.
12:02 of 1st period - Wrist shot by Jamie Arniel.
12:02 of 1st period - Stopped by Jake Allen with a rebound.
12:24 of 1st period - Wrist shot by Stephane Da Costa.
12:24 of 1st period - Shot Misses the Net.
12:26 of 1st period - Slapshot by Vitali Yachmenev.
12:26 of 1st period - Stopped by Frederik Andersen without a rebound.
12:27 of 1st period - Derek Stepan wins face-off versus Tyler Bozak in Diables zone.
12:40 of 1st period - Wrist shot by Derek Stepan.
12:40 of 1st period - Stopped by Frederik Andersen with a rebound.
12:42 of 1st period - Slapshot by Yann Sauvé.
12:42 of 1st period - Shot Misses the Net.
13:04 of 1st period - Snap shot by Stephane Da Costa.
13:04 of 1st period - Stopped by Frederik Andersen without a rebound.
13:05 of 1st period - Derek Stepan wins face-off versus Jamie Arniel in Diables zone.
13:26 of 1st period - Minor Penalty to Jonathan Blum for Hooking.
13:27 of 1st period - D.J King wins face-off versus Tyler Bozak in Sasquatch zone.
13:32 of 1st period - Snap shot by Nick Leddy.
13:32 of 1st period - Shot Blocked by Jared Cowen.
13:37 of 1st period - Off-side.
13:38 of 1st period - D.J King wins face-off versus Tyler Bozak in neutral zone.
13:48 of 1st period - Slapshot by Kellan Lain.
13:48 of 1st period - Shot Misses the Net.
13:50 of 1st period - Slapshot by Dustin Kohn.
13:50 of 1st period - Shot Misses the Net.
14:44 of 1st period - Brandon Prust is hit by Nick Leddy and loses puck.
14:53 of 1st period - Snap shot by Josh Bailey.
14:53 of 1st period - Stopped by Frederik Andersen without a rebound.
14:54 of 1st period - Tyler Bozak wins face-off versus D.J King in Diables zone.
15:26 of 1st period - Penalty to Jonathan Blum is over, Jonathan Blum is back on ice.
15:37 of 1st period - Tomas Kubalik is hit by Drew Shore and loses puck.
15:48 of 1st period - Minor Penalty to Lukas Krajicek for Roughing.
15:49 of 1st period - Damien Brunner wins face-off versus Derek Stepan in Diables zone.
17:18 of 1st period - Damien Brunner is hit by Linus Omark and loses puck.
17:48 of 1st period - Penalty to Lukas Krajicek is over, Lukas Krajicek is back on ice.
18:22 of 1st period - Pierre-Cédric Labrie is hit by Teemu Hartikainen.
19:07 of 1st period - Icing by Jared Cowen.
19:08 of 1st period - Stephane Da Costa wins face-off versus Riley Sheahan in Diables zone.
19:09 of 1st period - Snap shot by Vitali Yachmenev.
19:09 of 1st period - Stopped by Frederik Andersen with a rebound.
19:12 of 1st period - Icing by Riley Sheahan.
19:13 of 1st period - Stephane Da Costa wins face-off versus Riley Sheahan in Diables zone.
19:18 of 1st period - Slapshot by Stephane Da Costa.
19:18 of 1st period - Stopped by Frederik Andersen with a rebound.
19:54 of 1st period - Slapshot by Dustin Kohn.
19:54 of 1st period - Shot Blocked by Josh Bailey.
19:56 of 1st period - Snap shot by Dustin Kohn.
19:56 of 1st period - Stopped by Jake Allen without a rebound.
19:57 of 1st period - Damien Brunner wins face-off versus Derek Stepan in Sasquatch zone.
Goals for this period are 0 for Sasquatch vs 0 for Diables.
Shots for this period are 9 for Sasquatch vs 5 for Diables.
2nd period
0:01 of 2nd period - Tyler Bozak wins face-off versus Derek Stepan in neutral zone.
0:10 of 2nd period - Slapshot by Brandon Prust.
0:10 of 2nd period - Shot Blocked by Derek Stepan.
0:16 of 2nd period - Snap shot by D.J King.
0:16 of 2nd period - Stopped by Frederik Andersen with a rebound.
0:45 of 2nd period - Slapshot by Dustin Kohn.
0:45 of 2nd period - Shot Blocked by Jonathan Blum.
0:47 of 2nd period - Slapshot by Dustin Kohn.
0:47 of 2nd period - Stopped by Jake Allen with a rebound.
0:49 of 2nd period - Wrist shot by Craig Smith.
0:49 of 2nd period - Goal by Craig Smith - Sasquatch : 0 - Diables : 1.
0:50 of 2nd period - Derek Stepan wins face-off versus Tyler Bozak in neutral zone.
1:15 of 2nd period - Kevin Porter is hit by Kellan Lain and loses puck.
2:02 of 2nd period - Pavel Valentenko is hit by Derek Stepan and loses puck.
2:17 of 2nd period - Wrist shot by Drew Shore.
2:17 of 2nd period - Shot Misses the Net.
2:19 of 2nd period - Slapshot by Yann Sauvé.
2:19 of 2nd period - Stopped by Frederik Andersen with a rebound.
2:21 of 2nd period - Snap shot by Drew Shore.
2:21 of 2nd period - Stopped by Frederik Andersen without a rebound.
2:22 of 2nd period - Kevin Porter wins face-off versus Tyler Bozak in Diables zone.
2:52 of 2nd period - D.J King is hit by Steve Quailer and loses puck.
3:29 of 2nd period - Snap shot by Linden Vey.
3:29 of 2nd period - Stopped by Frederik Andersen with a rebound.
3:31 of 2nd period - Slapshot by Filip Novak.
3:31 of 2nd period - Stopped by Frederik Andersen with a rebound.
3:33 of 2nd period - Backhand shot by Teemu Hartikainen.
3:33 of 2nd period - Shot Blocked by Tyler Bozak.
3:35 of 2nd period - Slapshot by Teemu Hartikainen.
3:35 of 2nd period - Stopped by Frederik Andersen with a rebound.
4:08 of 2nd period - Snap shot by Derek Stepan.
4:08 of 2nd period - Stopped by Frederik Andersen without a rebound.
4:09 of 2nd period - Jamie Arniel wins face-off versus Derek Stepan in Diables zone.
4:14 of 2nd period - Slapshot by Kellan Lain.
4:14 of 2nd period - Stopped by Jake Allen without a rebound.
4:15 of 2nd period - Derek Stepan wins face-off versus Jamie Arniel in Sasquatch zone.
4:15 of 2nd period - Derek Stepan is hit by Steve Quailer.
4:37 of 2nd period - Wrist shot by D.J King.
4:37 of 2nd period - Shot Misses the Net.
4:39 of 2nd period - Slapshot by Nick Leddy.
4:39 of 2nd period - Stopped by Frederik Andersen with a rebound.
4:41 of 2nd period - Slapshot by D.J King.
4:41 of 2nd period - Shot Misses the Net.
4:43 of 2nd period - Snap shot by D.J King.
4:43 of 2nd period - Shot Misses the Net.
4:45 of 2nd period - Wrist shot by D.J King.
4:45 of 2nd period - Shot Blocked by Brandon Prust.
4:47 of 2nd period - Backhand shot by Nick Leddy.
4:47 of 2nd period - Stopped by Frederik Andersen without a rebound.
4:48 of 2nd period - Kellan Lain wins face-off versus Kevin Porter in Diables zone.
5:35 of 2nd period - Slapshot by Drew Shore.
5:35 of 2nd period - Shot Misses the Net.
5:37 of 2nd period - Snap shot by Drew Shore.
5:37 of 2nd period - Shot Misses the Net.
5:39 of 2nd period - Snap shot by Drew Shore.
5:39 of 2nd period - Shot Blocked by Craig Smith.
5:41 of 2nd period - Slapshot by Jonathan Blum.
5:41 of 2nd period - Stopped by Frederik Andersen with a rebound.
5:43 of 2nd period - Snap shot by Yann Sauvé.
5:43 of 2nd period - Deflect By Teemu Hartikainen.
5:43 of 2nd period - Stopped by Frederik Andersen without a rebound.
5:44 of 2nd period - Tyler Bozak wins face-off versus Derek Stepan in Diables zone.
5:53 of 2nd period - Derek Stepan is hit by Tyler Bozak and loses puck.
6:20 of 2nd period - Snap shot by Kevin Porter.
6:20 of 2nd period - Shot Blocked by Tyler Cuma.
6:30 of 2nd period - Tyler Cuma is hit by Nick Leddy and loses puck.
6:39 of 2nd period - Slapshot by Dustin Kohn.
6:39 of 2nd period - Deflect By Steve Quailer.
6:39 of 2nd period - Stopped by Jake Allen without a rebound.
6:40 of 2nd period - Derek Stepan wins face-off versus Tyler Bozak in Sasquatch zone.
7:12 of 2nd period - Snap shot by Linus Omark.
7:12 of 2nd period - Shot Misses the Net.
8:07 of 2nd period - Snap shot by Damien Brunner.
8:07 of 2nd period - Stopped by Jake Allen without a rebound.
8:08 of 2nd period - Tyler Bozak wins face-off versus Derek Stepan in Sasquatch zone.
8:25 of 2nd period - Nick Leddy is hit by Damien Brunner and loses puck.
9:27 of 2nd period - Snap shot by Linden Vey.
9:27 of 2nd period - Shot Misses the Net.
9:29 of 2nd period - Slapshot by Filip Novak.
9:29 of 2nd period - Shot Misses the Net.
10:03 of 2nd period - Snap shot by Brandon Prust.
10:03 of 2nd period - Shot Misses the Net.
10:05 of 2nd period - Snap shot by Brandon Prust.
10:05 of 2nd period - Shot Blocked by Filip Novak.
10:07 of 2nd period - Slapshot by Tyler Bozak.
10:07 of 2nd period - Shot Blocked by Andrej Sustr.
10:17 of 2nd period - Wrist shot by Josh Bailey.
10:17 of 2nd period - Stopped by Frederik Andersen without a rebound.
10:18 of 2nd period - Craig Smith wins face-off versus Vitali Yachmenev in Diables zone.
10:31 of 2nd period - Slapshot by Pierre-Cédric Labrie.
10:31 of 2nd period - Stopped by Jake Allen without a rebound.
10:32 of 2nd period - Tyler Bozak wins face-off versus Derek Stepan in Sasquatch zone.
10:33 of 2nd period - Wrist shot by Damien Brunner.
10:33 of 2nd period - Stopped by Jake Allen without a rebound.
10:34 of 2nd period - Tyler Bozak wins face-off versus D.J King in Sasquatch zone.
10:35 of 2nd period - Snap shot by Damien Brunner.
10:35 of 2nd period - Shot Blocked by Yann Sauvé.
10:49 of 2nd period - Slapshot by Brandon Prust.
10:49 of 2nd period - Stopped by Jake Allen without a rebound.
10:50 of 2nd period - Steve Quailer wins face-off versus Kevin Porter in Sasquatch zone.
10:51 of 2nd period - Wrist shot by Jamie Arniel.
10:51 of 2nd period - Stopped by Jake Allen without a rebound.
10:52 of 2nd period - Steve Quailer wins face-off versus Kevin Porter in Sasquatch zone.
10:55 of 2nd period - Wrist shot by Jamie Arniel.
10:55 of 2nd period - Shot Blocked by Filip Novak.
11:05 of 2nd period - Wrist shot by Jason Akeson.
11:05 of 2nd period - Shot Blocked by Lukas Krajicek.
11:13 of 2nd period - Linus Omark is hit by Jamie Arniel and loses puck.
11:27 of 2nd period - Icing by Filip Novak.
11:28 of 2nd period - Tyler Bozak wins face-off versus Kevin Porter in Sasquatch zone.
11:31 of 2nd period - Wrist shot by Damien Brunner.
11:31 of 2nd period - Shot Blocked by Filip Novak.
11:43 of 2nd period - Jason Akeson is hit by Tyler Bozak and loses puck.
12:06 of 2nd period - Dustin Kohn is hit by Jason Akeson and loses puck.
12:11 of 2nd period - Snap shot by Kevin Porter.
12:11 of 2nd period - Deflect By Linus Omark.
12:11 of 2nd period - Goal by Linus Omark - Sasquatch : 1 - Diables : 1.
12:12 of 2nd period - Derek Stepan wins face-off versus Tyler Bozak in neutral zone.
12:37 of 2nd period - Stephane Da Costa is hit by Lukas Krajicek and loses puck.
12:53 of 2nd period - Icing by Drew Shore.
12:54 of 2nd period - Tyler Bozak wins face-off versus Drew Shore in Sasquatch zone.
12:57 of 2nd period - Slapshot by Brandon Prust.
12:57 of 2nd period - Stopped by Jake Allen without a rebound.
12:58 of 2nd period - Tyler Bozak wins face-off versus Drew Shore in Sasquatch zone.
12:59 of 2nd period - Snap shot by Damien Brunner.
12:59 of 2nd period - Shot Blocked by Drew Shore.
13:01 of 2nd period - Minor Penalty to Linden Vey for Hooking.
13:02 of 2nd period - Tyler Bozak wins face-off versus Vitali Yachmenev in Sasquatch zone.
13:27 of 2nd period - Snap shot by Craig Smith.
13:27 of 2nd period - Goal by Craig Smith - Sasquatch : 1 - Diables : 2.
13:28 of 2nd period - Derek Stepan wins face-off versus Tyler Bozak in neutral zone.
13:33 of 2nd period - Brandon Prust is hit by Derek Stepan and loses puck.
13:59 of 2nd period - Craig Smith is hit by Yann Sauvé and loses puck.
15:28 of 2nd period - Filip Novak is hit by Kellan Lain and loses puck.
15:37 of 2nd period - Wrist shot by Jamie Arniel.
15:37 of 2nd period - Goal by Jamie Arniel - Sasquatch : 1 - Diables : 3.
15:38 of 2nd period - Derek Stepan wins face-off versus Brandon Prust in neutral zone.
16:26 of 2nd period - Slapshot by Stephane Da Costa.
16:26 of 2nd period - Shot Misses the Net.
16:53 of 2nd period - Slapshot by Drew Shore.
16:53 of 2nd period - Deflect By Teemu Hartikainen.
16:53 of 2nd period - Shot Misses the Net.
16:53 of 2nd period - Puck is out of play.
16:54 of 2nd period - Tyler Bozak wins face-off versus Derek Stepan in Diables zone.
17:07 of 2nd period - Wrist shot by Damien Brunner.
17:07 of 2nd period - Shot Blocked by Andrej Sustr.
17:15 of 2nd period - Damien Brunner is hit by Nick Leddy and loses puck.
17:23 of 2nd period - Icing by Matt Jones.
17:24 of 2nd period - Kevin Porter wins face-off versus Jamie Arniel in Diables zone.
18:14 of 2nd period - Snap shot by Drew Shore.
18:14 of 2nd period - Stopped by Frederik Andersen with a rebound.
18:16 of 2nd period - Snap shot by Jonathan Blum.
18:16 of 2nd period - Shot Blocked by Jared Cowen.
18:18 of 2nd period - Snap shot by Yann Sauvé.
18:18 of 2nd period - Deflect By Drew Shore.
18:18 of 2nd period - Shot Misses the Net.
18:18 of 2nd period - Puck is out of play.
18:19 of 2nd period - Tyler Bozak wins face-off versus Drew Shore in Diables zone.
18:23 of 2nd period - Off-side.
18:24 of 2nd period - Tyler Bozak wins face-off versus Derek Stepan in neutral zone.
18:38 of 2nd period - Off-side.
18:39 of 2nd period - Jamie Arniel wins face-off versus D.J King in neutral zone.
19:09 of 2nd period - Off-side.
19:10 of 2nd period - Derek Stepan wins face-off versus Tyler Bozak in neutral zone.
19:15 of 2nd period - Slapshot by Jonathan Blum.
19:15 of 2nd period - Stopped by Frederik Andersen without a rebound.
19:16 of 2nd period - D.J King wins face-off versus Tyler Bozak in Diables zone.
19:19 of 2nd period - Slapshot by Derek Stepan.
19:19 of 2nd period - Goal by Derek Stepan - Sasquatch : 2 - Diables : 3.
19:20 of 2nd period - Derek Stepan wins face-off versus Tyler Bozak in neutral zone.
19:23 of 2nd period - Slapshot by Filip Novak.
19:23 of 2nd period - Shot Blocked by Lukas Krajicek.
19:29 of 2nd period - Slapshot by Jared Cowen.
19:29 of 2nd period - Shot Misses the Net.
19:31 of 2nd period - Wrist shot by Brandon Prust.
19:31 of 2nd period - Shot Misses the Net.
19:33 of 2nd period - Snap shot by Damien Brunner.
19:33 of 2nd period - Stopped by Jake Allen without a rebound.
19:34 of 2nd period - Tyler Bozak wins face-off versus Derek Stepan in Sasquatch zone.
19:59 of 2nd period - Kevin Porter is hit by Steve Quailer and loses puck.
Goals for this period are 2 for Sasquatch vs 3 for Diables.
Shots for this period are 16 for Sasquatch vs 13 for Diables.
3rd period
0:01 of 3rd period - Derek Stepan wins face-off versus Tyler Bozak in neutral zone.
0:26 of 3rd period - Brandon Prust is hit by Stephane Da Costa and loses puck.
0:49 of 3rd period - Slapshot by Damien Brunner.
0:49 of 3rd period - Stopped by Jake Allen without a rebound.
0:50 of 3rd period - Jamie Arniel wins face-off versus Derek Stepan in Sasquatch zone.
0:55 of 3rd period - Wrist shot by Jamie Arniel.
0:55 of 3rd period - Stopped by Jake Allen with a rebound.
1:05 of 3rd period - Kellan Lain is hit by Cam Atkinson and loses puck.
1:35 of 3rd period - Minor Penalty to Yann Sauvé for Roughing.
1:36 of 3rd period - Tyler Bozak wins face-off versus D.J King in Sasquatch zone.
2:49 of 3rd period - Wrist shot by Tyler Bozak.
2:49 of 3rd period - Stopped by Jake Allen without a rebound.
2:50 of 3rd period - D.J King wins face-off versus Tyler Bozak in Sasquatch zone.
3:01 of 3rd period - Slapshot by Damien Brunner.
3:01 of 3rd period - Stopped by Jake Allen without a rebound.
3:02 of 3rd period - Tyler Bozak wins face-off versus D.J King in Sasquatch zone.
3:03 of 3rd period - Wrist shot by Damien Brunner.
3:03 of 3rd period - Goal by Damien Brunner - Sasquatch : 2 - Diables : 4.
3:04 of 3rd period - Tyler Bozak wins face-off versus Derek Stepan in neutral zone.
3:15 of 3rd period - Slapshot by Brandon Prust.
3:15 of 3rd period - Stopped by Jake Allen with a rebound.
3:17 of 3rd period - Snap shot by Brandon Prust.
3:17 of 3rd period - Shot Blocked by Derek Stepan.
3:19 of 3rd period - Snap shot by Brandon Prust.
3:19 of 3rd period - Shot Blocked by Nick Leddy.
3:29 of 3rd period - Jamie Arniel is hit by Nick Leddy and loses puck.
3:36 of 3rd period - Snap shot by Kellan Lain.
3:36 of 3rd period - Stopped by Jake Allen without a rebound.
3:37 of 3rd period - Tyler Bozak wins face-off versus Kevin Porter in Sasquatch zone.
4:39 of 3rd period - Derek Stepan is hit by Brandon Prust and loses puck.
4:59 of 3rd period - Snap shot by Nick Leddy.
4:59 of 3rd period - Shot Hit the Post.
5:02 of 3rd period - Icing by Jared Cowen.
5:03 of 3rd period - Kevin Porter wins face-off versus Tyler Bozak in Diables zone.
5:08 of 3rd period - Snap shot by Kevin Porter.
5:08 of 3rd period - Stopped by Frederik Andersen with a rebound.
5:10 of 3rd period - Snap shot by Kevin Porter.
5:10 of 3rd period - Shot Blocked by Lukas Krajicek.
5:12 of 3rd period - Slapshot by Kevin Porter.
5:12 of 3rd period - Stopped by Frederik Andersen with a rebound.
5:14 of 3rd period - Snap shot by Jason Akeson.
5:14 of 3rd period - Stopped by Frederik Andersen with a rebound.
5:16 of 3rd period - Snap shot by Jason Akeson.
5:16 of 3rd period - Stopped by Frederik Andersen without a rebound.
5:17 of 3rd period - Kevin Porter wins face-off versus Jamie Arniel in Diables zone.
5:43 of 3rd period - Filip Novak is hit by Benn Ferriero and loses puck.
6:14 of 3rd period - Wrist shot by Nick Leddy.
6:14 of 3rd period - Deflect By Craig Smith.
6:14 of 3rd period - Stopped by Frederik Andersen with a rebound.
6:16 of 3rd period - Snap shot by Cam Atkinson.
6:16 of 3rd period - Shot Blocked by Pavel Valentenko.
6:18 of 3rd period - Snap shot by Derek Stepan.
6:18 of 3rd period - Shot Misses the Net.
6:22 of 3rd period - Wrist shot by D.J King.
6:22 of 3rd period - Shot Misses the Net.
6:38 of 3rd period - Snap shot by Teemu Hartikainen.
6:38 of 3rd period - Stopped by Frederik Andersen without a rebound.
6:39 of 3rd period - Jamie Arniel wins face-off versus Drew Shore in Diables zone.
7:09 of 3rd period - Slapshot by Dustin Kohn.
7:09 of 3rd period - Stopped by Jake Allen without a rebound.
7:10 of 3rd period - Riley Sheahan wins face-off versus Cam Atkinson in Sasquatch zone.
7:48 of 3rd period - Snap shot by Brandon Prust.
7:48 of 3rd period - Shot Misses the Net.
8:06 of 3rd period - Snap shot by Josh Bailey.
8:06 of 3rd period - Stopped by Frederik Andersen with a rebound.
8:08 of 3rd period - Wrist shot by Stephane Da Costa.
8:08 of 3rd period - Shot Misses the Net.
8:10 of 3rd period - Slapshot by Andrej Sustr.
8:10 of 3rd period - Deflect By Josh Bailey.
8:10 of 3rd period - Stopped by Frederik Andersen with a rebound.
8:16 of 3rd period - Minor Penalty to Jared Cowen for Tripping.
8:17 of 3rd period - Jamie Arniel wins face-off versus D.J King in Diables zone.
8:28 of 3rd period - Slapshot by Cam Atkinson.
8:28 of 3rd period - Shot Blocked by Pavel Valentenko.
10:16 of 3rd period - Penalty to Jared Cowen is over, Jared Cowen is back on ice.
10:42 of 3rd period - Snap shot by Tomas Kubalik.
10:42 of 3rd period - Goal by Tomas Kubalik - Sasquatch : 2 - Diables : 5.
10:43 of 3rd period - Tyler Bozak wins face-off versus Kevin Porter in neutral zone.
11:35 of 3rd period - Minor Penalty to Nick Leddy for Hooking.
11:36 of 3rd period - Tyler Bozak wins face-off versus Vitali Yachmenev in Sasquatch zone.
11:54 of 3rd period - Vitali Yachmenev is hit by Kellan Lain and loses puck.
12:45 of 3rd period - Snap shot by Josh Bailey.
12:45 of 3rd period - Stopped by Frederik Andersen without a rebound.
12:46 of 3rd period - Tyler Bozak wins face-off versus Drew Shore in Diables zone.
12:51 of 3rd period - Josh Bailey is hit by Kellan Lain and loses puck.
13:35 of 3rd period - Penalty to Nick Leddy is over, Nick Leddy is back on ice.
13:57 of 3rd period - Minor Penalty to Kellan Lain for Hooking.
13:58 of 3rd period - Derek Stepan wins face-off versus Jamie Arniel in Diables zone.
14:00 of 3rd period - Slapshot by Derek Stepan.
14:00 of 3rd period - Shot Blocked by Dustin Kohn.
14:32 of 3rd period - Tyler Bozak is hit by Andrej Sustr and loses puck.
15:34 of 3rd period - Filip Novak is hit by Dustin Kohn and loses puck.
15:43 of 3rd period - Wrist shot by Dustin Kohn.
15:43 of 3rd period - Shot Blocked by Filip Novak.
15:45 of 3rd period - Snap shot by Brandon Prust.
15:45 of 3rd period - Stopped by Jake Allen with a rebound.
15:47 of 3rd period - Wrist shot by Brandon Prust.
15:47 of 3rd period - Stopped by Jake Allen with a rebound.
15:57 of 3rd period - Penalty to Kellan Lain is over, Kellan Lain is back on ice.
16:03 of 3rd period - Wrist shot by Vitali Yachmenev.
16:03 of 3rd period - Shot Misses the Net.
16:41 of 3rd period - Snap shot by Jamie Arniel.
16:41 of 3rd period - Stopped by Jake Allen without a rebound.
16:42 of 3rd period - Stephane Da Costa wins face-off versus Jamie Arniel in Sasquatch zone.
16:42 of 3rd period - Stephane Da Costa is hit by Kellan Lain.
17:02 of 3rd period - Slapshot by Drew Shore.
17:02 of 3rd period - Shot Misses the Net.
17:04 of 3rd period - Wrist shot by Drew Shore.
17:04 of 3rd period - Shot Blocked by Tyler Bozak.
17:06 of 3rd period - Snap shot by Drew Shore.
17:06 of 3rd period - Shot Blocked by Dustin Kohn.
17:22 of 3rd period - Dustin Kohn is hit by Cam Atkinson and loses puck.
17:41 of 3rd period - Pierre-Cédric Labrie is hit by Linus Omark and loses puck.
17:50 of 3rd period - Slapshot by Tyler Cuma.
17:50 of 3rd period - Stopped by Jake Allen without a rebound.
17:51 of 3rd period - Tyler Bozak wins face-off versus Derek Stepan in Sasquatch zone.
17:52 of 3rd period - Slapshot by Damien Brunner.
17:52 of 3rd period - Shot Misses the Net.
18:22 of 3rd period - Snap shot by Steve Quailer.
18:22 of 3rd period - Goal by Steve Quailer - Sasquatch : 2 - Diables : 6.
18:23 of 3rd period - Derek Stepan wins face-off versus Tyler Bozak in neutral zone.
18:26 of 3rd period - Slapshot by Filip Novak.
18:26 of 3rd period - Deflect By D.J King.
18:26 of 3rd period - Stopped by Frederik Andersen with a rebound.
18:28 of 3rd period - Snap shot by Cam Atkinson.
18:28 of 3rd period - Stopped by Frederik Andersen without a rebound.
18:29 of 3rd period - Derek Stepan wins face-off versus Tyler Bozak in Diables zone.
19:00 of 3rd period - Snap shot by Jason Akeson.
19:00 of 3rd period - Stopped by Frederik Andersen with a rebound.
19:32 of 3rd period - Minor Penalty to Vitali Yachmenev for Hooking.
19:33 of 3rd period - Tyler Bozak wins face-off versus D.J King in Sasquatch zone.
Goals for this period are 0 for Sasquatch vs 3 for Diables.
Shots for this period are 12 for Sasquatch vs 14 for Diables.
Back to the Top